 Dungeon Crawl Stone Soup version 0.28-a0-872-g80cf8599ee (webtiles) character file.

Game seed: 5601319957314423222

84 frimble the Chopper (level 4, -7/38 HPs)
             Began as a Minotaur Warper on Nov 20, 2021.
             Killed by nerve-wracking pain
             ... invoked by an orc priest
              (11 damage)
             ... on level 3 of the Dungeon.
             The game lasted 00:01:49 (2070 turns).

frimble the Chopper (Minotaur Warper)               Turns: 2070, Time: 00:01:49

Health: -7/38      AC:  3    Str: 15    XL:     4   Next: 23%
Magic:  5/5        EV: 16    Int: 11    God:
Gold:   60         SH:  0    Dex: 10    Spells: 3/5 levels left

rFire   . . .      SeeInvis .   a - +0 hand axe
rCold   . . .      Faith    .   (no shield)
rNeg    . . .      Spirit   .   b - +0 leather armour
rPois   .          Reflect  .   (helmet restricted)
rElec   .          Harm     .   (no cloak)
rCorr   .          Rampage  .   (no gloves)
Will    .....                   (no boots)
Stlth   +.........              (no amulet)
HPRegen 0.12/turn               f - +4 ring of evasion
MPRegen 0.09/turn               (no ring)

@: no status effects
A: horns 2, retaliatory headbutt
a: no special abilities


You were on level 3 of the Dungeon.
You visited 1 branch of the dungeon, and saw 3 of its levels.

You collected 60 gold pieces.

Inventory:

Hand Weapons
 a - a +0 hand axe (weapon)
 l - a +1 falchion of holy wrath
Missiles
 d - 5 boomerangs of dispersal (quivered)
Armour
 b - a +0 leather armour (worn)
Jewellery
 f - a +4 ring of evasion (left hand)
 h - a ring of magical power
Scrolls
 c - 2 scrolls of blinking
 g - 3 scrolls of teleportation
 j - a scroll of identify
 k - a scroll of fog {unknown}
Potions
 e - 3 potions of curing
 i - a potion of heal wounds {unknown}
 m - 2 potions of resistance {unknown}


   Skills:
 + Level 3.1 Fighting
 + Level 3.2 Axes
 + Level 2.0 Throwing
 - Level 1.4 Armour
 + Level 2.8 Dodging
 - Level 1.4 Spellcasting
 + Level 2.5 Translocations


You had 3 spell levels left.
You knew the following spells:

 Your Spells              Type           Power      Damage    Failure   Level
a - Blink                 Tloc           12%        N/A       21%         2

Your spell library contained the following spells:

 Spells                   Type           Power      Damage    Failure   Level
 Gell's Gravitas          Tloc           6%         N/A       38%         3
 Lesser Beckoning         Tloc           6%         N/A       38%         3
 Teleport Other           Tloc           6%         N/A       38%         3
 Manifold Assault         Tloc           6%         N/A       98%         5


Dungeon Overview and Level Annotations

Branches:
Dungeon (3/15)

Altars:


Innate Abilities, Weirdness & Mutations

You have a pair of horns on your head.
You reflexively headbutt those who attack you in melee.


Message History

An endoplasm is nearby!
The endoplasm quivers.
The endoplasm freezes you.
You are frozen.
You barely miss the endoplasm. The endoplasm completely misses you.
You hit the endoplasm. You headbutt the endoplasm.
You kill the endoplasm!
No target in view!
No target in view!
No target in view!
No target in view!
No target in view!
No target in view!
No target in view!
A bat and an orc priest come into view.
There are monsters nearby!
There are monsters nearby!
The orc priest mumbles some strange prayers to Beogh against you.
Beogh smites you!
The orc priest calls down the wrath of Beogh upon you.
Pain shoots through your body!
You are too injured to fight recklessly!
The orc priest invokes the aid of Beogh against you.
You barely resist.
You hit the orc priest but do no damage.
The orc priest calls down the wrath of Beogh upon you.
Beogh smites you!
You hit the orc priest but do no damage.
The orc priest looks encouraged for a moment.
You barely miss the orc priest. The orc priest misses you. x2
You hit the orc priest.
The orc priest is heavily wounded.
The orc priest calls down the wrath of Beogh upon you.
Beogh smites you!
* * * LOW HITPOINT WARNING * * *
You hit the orc priest.
The orc priest is severely wounded.
The orc priest mumbles some strange prayers to Beogh against you.
Pain shoots through your body!
You die...

####### #.##.#..#
#...# ##
#.##.#..# #...#
.. #.##.#..#
#...# #b
#.......# .....
#. ####.##### #.
#.......# #.
####.#.###.#
.#..##.###o.....#
...........@.##+#
############.#
#.+ ###


You could see an orc priest.

Vanquished Creatures
  3 adders
  A shadow imp (D:3)
  A worm (D:3)
  2 dart slugs (D:1)
  An orc (D:3)
  4 bats
  4 endoplasms
  2 giant cockroaches
  2 goblins (D:1)
  6 hobgoblins
  2 jackals (D:2)
  3 kobolds
  A quokka (D:2)
  2 ball pythons (D:1)
  3 frilled lizards
  2 rats
39 creatures vanquished.

Notes
Turn   | Place    | Note
-------+----------+-------------------------------------------
     0 | D:1      | frimble the Minotaur Warper began the quest for the Orb.
     0 | D:1      | Reached XP level 1. HP: 18/18 MP: 1/1
   248 | D:1      | Reached XP level 2. HP: 25/25 MP: 3/3
   858 | D:1      | Learned a level 2 spell: Blink
   950 | D:2      | Found a faded altar of an unknown god.
   996 | D:2      | Reached XP level 3. HP: 30/30 MP: 4/4
  1624 | D:3      | Reached XP level 4. HP: 3/38 MP: 5/5
  2070 | D:3      | Killed from afar by an orc priest

Illustrated notes

Levels and vault maps discovered:
D:1:      lemuel_arrival_lava_pool, layout_basic
D:2:      layout_loops_cross, basic_ecumenical_altar
D:3:      layout_loops_cross, minmay_liquid_box, minmay_hedge_maze,
          roderic_batcave, uniq_grinder

Skill      XL: |  1  2  3  4 |
---------------+-------------+-----
Axes           | 3 |  3.2
Fighting       | 3 |  3.1
Throwing       | 2 |  2.0
Armour         | |  1.4
Dodging        | |  2.8
Spellcasting   | |  1.4
Translocations | |  2.5

Action                   |  1- 3 |  4- 6 || total
-------------------------+-------+-------++-------
Melee: Hand axe          |    84 |    10 ||    94
       Headbutt          |    12 |     1 ||    13
       Falchion          |     8 |       ||     8
  Use: Scroll            |     5 |       ||     5
Armor: Leather armour    |    24 |     1 ||    25
Dodge: Dodged            |    60 |     6 ||    66

Table legend: (Time is in decaauts)
 A = Elapsed time spent in this place.
 B = Non-inter-level travel time spent in this place.
 C = Inter-level travel time spent in this place.
 D = Time resting spent in this place.
 E = Time spent auto-exploring this place.
 F = Levels seen in this place.
 G = Mean time per level.
                   A        B        C        D        E       F      G
               +--------+--------+--------+--------+--------+-----+--------+
         Total |   2084 |   2037 |     47 |      0 |   1745 |   3 |  694.7 |
       Dungeon |   2084 |   2037 |     47 |      0 |   1745 |   3 |  694.7 |
               +--------+--------+--------+--------+--------+-----+--------+

Top non-repeatable levels by time:
     D:1: 946 daAuts
     D:3: 595 daAuts
     D:2: 543 daAuts
